 Dungeon Crawl Stone Soup version 0.22.1-1-ga44c0e56f4 (webtiles) character file.

144 90kv the Skirmisher (level 5, -2/33 HPs)
             Began as a Gargoyle Monk on Oct 6, 2018.
             Slain by Sigmund
             ... wielding a +3 scythe of venom
              (7 damage)
             ... on level 3 of the Dungeon.
             The game lasted 00:19:04 (2378 turns).

90kv the Skirmisher (Gargoyle Monk)                 Turns: 2378, Time: 00:19:05

Health: -2/33      AC: 10    Str: 14 (15) XL:     5   Next: 26%
Magic:  7/7        EV: 10    Int: 10 (11) God:
Gold:   190        SH:  0    Dex: 11 (12) Spells: 6/6 levels left

rFire    . . .     SeeInvis .   a - +0 mace
rCold    . . .     Gourm    .   (no shield)
rNeg     + . .     Faith    .   j - +0 scale mail
rPois    ∞         Spirit   .   (no helmet)
rElec    +         Reflect  .   (no cloak)
rCorr    .         Harm     .   (no gloves)
MR       .....                  (no boots)
Stlth    ..........             (no amulet)
HPRegen  0.11/turn              (no ring)
MPRegen  0.10/turn              (no ring)

@: confused
A: negative energy resistance 1, electricity resistance, unbreathing,
petrification resistance, rot immunity, AC +4
a: no special abilities


You were on level 3 of the Dungeon.
You were not hungry.

You visited 1 branch of the dungeon, and saw 3 of its levels.

You collected 190 gold pieces.

Inventory:

Hand Weapons
 a - a +0 mace (weapon)
Armour
 b - a +0 robe
 d - a scarf of spirit shield
 j - a +0 scale mail (worn)
 l - a +0 robe of fire resistance
Scrolls
 f - 2 scrolls of teleportation {unknown}
 g - 2 scrolls of fear {unknown}
 h - a scroll of noise {unknown}
 i - a scroll of enchant weapon {unknown}
 n - a scroll of blinking {unknown}
 o - 2 scrolls of identify
Potions
 e - a potion of brilliance
Comestibles
 c - 6 rations
 k - 8 chunks of flesh


   Skills:
 * Level 4.3 Fighting
 * Level 3.9 Maces & Flails
 + Level 1.3 Armour
 + Level 2.7 Dodging
 + Level 3.0 Stealth
 + Level 1.3 Spellcasting


You had 6 spell levels left.
You didn't know any spells.
Your spell library was empty.

Dungeon Overview and Level Annotations

Branches:
Dungeon (3/15)

Altars:
Elyvilon
Gozag
Nemelex Xobeh
Qazlal
Sif Muna
Yredelemnul

Annotations:
D:3 Sigmund


Innate Abilities, Weirdness & Mutations

You are resistant to torment.
Your stone body is resilient. (AC +4)
You are immune to poison.
You resist negative energy. (rN+)
You are resistant to electric shocks. (rElec)
You can survive without breathing.
You are immune to petrification.
You are immune to rotting.


Message History

You bump into the rock wall.
You hear some strange, mumbled words.
A puff of flame appears from out of thin air!
The puff of flame hits you!
You bump into the rock wall.
You feel less invigorated.
You feel less confused. Something hits you.
You closely miss something. You closely miss something. Something hits you!
* * * LOW HITPOINT WARNING * * *
As you read the scroll labeled WORELU VEIPNOM, it crumbles to dust.
It is a scroll of identify.
d - a scarf of spirit shield You hear some strange, mumbled words.
You are confused.
Something hits you!
Keep equipping yourself?
Uppercase [Y]es or [N]o only, please.
Keep equipping yourself?
You die...

##.....÷...#
#.#.#.#
##.........#
#####(#.#.#
...........#
#.(..(#.#.#
############
###.###.#.#
# #.....#.#
# ##..####
#......#
#.#.##.#
#@#.# #
#....{.#.#
#..#.###.# #
#. #.# # .#
.#


There were no monsters in sight!

Vanquished Creatures
  Jessica (D:2)
  Terence (D:2)
  4 adders
  An ooze (D:1)
  A worm (D:3)
  2 leopard geckos
  An orc (D:3)
  6 bats
  4 giant cockroaches
  4 hobgoblins
  A quokka (D:2)
  2 frilled lizards
  7 goblins
  8 kobolds
  6 rats
49 creatures vanquished.

Notes
Turn   | Place    | Note
-------+----------+-------------------------------------------
     0 | D:1      | 90kv the Gargoyle Monk began the quest for the Orb.
     0 | D:1      | Reached XP level 1. HP: 14/14 MP: 1/1
   265 | D:1      | Reached XP level 2. HP: 19/19 MP: 2/2
   896 | D:2      | Noticed Terence
   910 | D:2      | Reached XP level 3. HP: 24/24 MP: 3/3
   938 | D:2      | Killed Terence
  1274 | D:2      | Found a deep blue altar of Sif Muna.
  1287 | D:2      | Reached skill level 1 in Armour
  1287 | D:2      | Reached XP level 4. HP: 29/29 MP: 5/5
  1380 | D:2      | Found a stormy altar of Qazlal.
  1386 | D:2      | Noticed Jessica
  1398 | D:2      | Reached skill level 4 in Fighting
  1398 | D:2      | Reached skill level 1 in Spellcasting
  1401 | D:2      | Killed Jessica
  1416 | D:2      | Found a sparkling altar of Nemelex Xobeh.
  1438 | D:2      | Found a basalt altar of Yredelemnul.
  1492 | D:2      | Found an opulent altar of Gozag.
  1505 | D:2      | Found a white marble altar of Elyvilon.
  1635 | D:2      | Reached XP level 5. HP: 31/33 MP: 6/6
  2354 | D:3      | Noticed Sigmund
  2378 | D:3      | Slain by Sigmund

Skill      XL: |  1  2  3  4  5 |
---------------+----------------+-----
Armour         | 1 |  1.3
Fighting       | 4 |  4.3
Spellcasting   | 1 |  1.3
Stealth        | 3 |  3.0
Maces & Flails | |  3.9
Dodging        | |  2.7

Action                   |  1- 3 |  4- 6 || total
-------------------------+-------+-------++-------
Melee: Mace              |    97 |   134 ||   231
  Use: Potion            |     1 |     3 ||     4
       Scroll            |       |     1 ||     1
 Stab: Sleeping          |     2 |       ||     2
  Eat: Ration            |     1 |       ||     1
       Chunk             |       |     2 ||     2
Armor: Robe              |    16 |       ||    16
       Leather armour    |    23 |       ||    23
       Scale mail        |     3 |    64 ||    67
Dodge: Dodged            |    83 |    71 ||   154
